 Dungeon Crawl Stone Soup version 0.30-b1-2-g02819fbbbe (webtiles) character file.

Game seed: 13086233489369824570

627 caveywoolpert the Digger (level 7, -3/40 HPs)
             Began as a Gargoyle Earth Elementalist on May 13, 2023.
             Slain by a wight
             ... wielding a +2 trident
              (7 damage)
             ... on level 5 of the Dungeon.
             The game lasted 00:04:48 (4047 turns).

caveywoolpert the Digger (GrEE)                     Turns: 4047, Time: 00:04:49

Health: -3/40      AC:  8    Str: 11    XL:     7   Next: 48%
Magic:  13/13      EV: 12    Int: 18    God:
Gold:   213        SH:  0    Dex: 10    Spells: 10/14 levels left

rFire   . . .        s - +8 whip "Goblinslayer" {drain, Will+}
rCold   . . .        (no shield)
rNeg    + . .        a - +0 robe
rPois   ∞            (no helmet)
rElec   +            (no cloak)
rCorr   .            (no gloves)
SInv    .            p - +0 pair of boots
Will    +....        (no amulet)
Stlth   ++           (no ring)
HPRegen 0.26/turn    (no ring)
MPRegen 0.13/turn

%: no passive effects
@: mighty
A: sickness immunity, AC +4, negative energy resistance 1, electricity
resistance, torment resistance 1, petrification resistance
a: no special abilities


You were on level 5 of the Dungeon.
You visited 1 branch of the dungeon, and saw 5 of its levels.
You also visited: Sewer.

You collected 213 gold pieces.

Inventory:

Hand Weapons
 s - the +8 whip "Goblinslayer" (weapon) {drain, Will+}
   (You found it on level 3 of the Dungeon)

   Will:      It increases your willpower.
Armour
 a - a +0 robe (worn)
 i - an orb of energy
 p - a +0 pair of boots (worn)
Wands
 e - a wand of flame (12)
Scrolls
 c - a scroll of butterflies {unknown}
 d - 6 scrolls of identify {unknown}
 f - 4 scrolls of teleportation {unknown}
 h - a scroll of enchant weapon {unknown}
 k - a scroll of poison {unknown}
 l - a scroll of enchant armour {unknown}
 o - a scroll of silence {unknown}
 q - a scroll of blinking {unknown}
 r - a scroll of amnesia {unknown}
 t - a scroll of magic mapping {unknown}
 w - a scroll of brand weapon {unknown}
Potions
 g - a potion of curing {unknown}
 j - 2 potions of might
 m - a potion of haste {unknown}
 n - 2 potions of degeneration {unknown}
 u - a potion of cancellation {unknown}
 v - a potion of heal wounds {unknown}
 x - a potion of mutation {unknown}
 z - 2 potions of invisibility {unknown}


   Skills:
 + Level 2.5 Fighting
 + Level 2.5 Armour
 + Level 2.5 Dodging
 - Level 2.1 Stealth
 + Level 4.0 Spellcasting
 + Level 3.3 Conjurations
 - Level 0.7 Transmutations
 + Level 5.8 Earth Magic


You had 10 spell levels left.
You knew the following spells:

 Your Spells              Type           Power      Damage    Failure   Level
a - Sandblast             Erth           48%        2d12      1%          1
b - Stone Arrow           Conj/Erth      40%        3d9       7%          3

Your spell library contained the following spells:

 Spells                   Type           Power      Damage    Failure   Level
 Passwall                 Tmut/Erth      12%        N/A       6%          2
 Foxfire                  Conj/Fire      36%        2x1d5     8%          1
 Petrify                  Tmut/Erth      15%        N/A       36%         4
 Animate Armour           Summ/Erth      28%        N/A       41%         4
 Iskenderun's Battlesphe  Conj           15%        2d7       71%         5
 Blade Hands              Tmut           3%         N/A       97%         5
 Iron Shot                Conj/Erth      10%        9d3       98%         6
 Malign Gateway           Summ/Tloc      1%         N/A       100%        7
 Spellforged Servitor     Conj/Summ      4%         N/A       100%        7
 Summon Horrible Things   Summ           1%         N/A       100%        8


Dungeon Overview and Level Annotations

Branches:
Dungeon (5/15)              Sewer (visited)
 Temple: D:4-7

Altars:
Ashenzari
Nemelex Xobeh

Shops:
D:1 [


Innate Abilities, Weirdness & Mutations

You are immune to sickness and miasma.
Your stone body is resilient. (AC +4)
You are immune to poison.
You resist negative energy. (rN+)
You are resistant to electric shocks. (rElec)
You are resistant to unholy torment.
You are immune to petrification.


Message History

Confirm with . or Enter, or press ? or * to list all spells.
Aiming: Sandblast (safe; 1% risk of failure)
Press: ? - help, Shift-Dir - straight line, f/p - wight
Aim: a wight, wielding a +2 trident and wearing a +0 robe (heavily damaged, 83% to hit)
The blast of sand hits the wight but does no damage.
The wight is heavily damaged.
The wight hits you from afar with a +2 trident.
The wight hits you from afar with a +2 trident!
* * * LOW HITPOINT WARNING * * *
Casting: Sandblast (safe; 1% risk of failure)
Confirm with . or Enter, or press ? or * to list all spells.
Aiming: Sandblast (safe; 1% risk of failure)
Press: ? - help, Shift-Dir - straight line, f/p - wight
Aim: a wight, wielding a +2 trident and wearing a +0 robe (heavily damaged, 83% to hit)
The blast of sand hits the wight but does no damage.
The wight is heavily damaged.
The wight barely misses you.
Casting: Sandblast (safe; 1% risk of failure)
Confirm with . or Enter, or press ? or * to list all spells.
Aiming: Sandblast (safe; 1% risk of failure)
Press: ? - help, Shift-Dir - straight line, f/p - wight
Aim: a wight, wielding a +2 trident and wearing a +0 robe (heavily damaged, 83% to hit)
The blast of sand hits the wight.
The wight is severely damaged.
The wight barely misses you. The wight hits you but does no damage.
Casting: Sandblast (safe; 1% risk of failure)
Confirm with . or Enter, or press ? or * to list all spells.
Aiming: Sandblast (safe; 1% risk of failure)
Press: ? - help, Shift-Dir - straight line, f/p - wight
Aim: a wight, wielding a +2 trident and wearing a +0 robe (severely damaged, 83% to hit)
The blast of sand hits the wight but does no damage.
The wight is severely damaged.
The wight hits you from afar with a +2 trident!
* * * LOW HITPOINT WARNING * * *
It was a potion of might.
You feel very mighty all of a sudden. The wight barely misses you.
Magic courses through your body.
The wight hits you from afar with a +2 trident!
You die...

#####~#~#~~..# #####
#~~~~~~~~÷..# #...#
#~#########.##### #...#
#~~~~~~#.##.....###...#
####~#~#~#.......##...#
#~~~~#~#~#........#...#
#~##~#~#~#............#
# #~~#~#÷#............##
#~##~#~#.....@.......##
#÷##~~~#.....).......<#
#~~#~###.....z......#..#
######
##.....##.#........
######...#####..###
#.### #..# #. #<# ..# .#
..


You could see a wight.

Vanquished Creatures
  Pargi (Sewer)
  A scorpion (D:4)
  3 wights (D:5)
  A hound (D:4)
  An iguana (D:3)
  2 orc wizards (D:4)
  9 adders
  3 river rats (D:5)
  4 worms
  3 dart slugs
  4 orcs
  5 bats
  10 endoplasms
  2 giant cockroaches
  7 goblins
  5 hobgoblins
  6 jackals
  10 kobolds
  A quokka (D:1)
  7 ball pythons
  2 frilled lizards
  10 rats
97 creatures vanquished.

Notes
Turn   | Place    | Note
-------+----------+-------------------------------------------
     0 | D:1      | caveywoolpert the Gargoyle Earth Elementalist began the
                  | quest for the Orb.
     0 | D:1      | Reached XP level 1. HP: 10/10 MP: 3/3
   132 | D:1      | Reached XP level 2. HP: 15/15 MP: 3/5
   309 | D:1      | Reached skill level 4 in Earth Magic
   449 | D:1      | Found Agheiguhor's Antique Armour Shop.
   816 | D:1      | Reached XP level 3. HP: 19/19 MP: 3/6
   820 | D:1      | Learned a level 3 spell: Stone Arrow
  1460 | D:2      | Found a faded altar of an unknown god.
  1469 | D:2      | Got Plato's Writings on the Summer
  1786 | D:2      | Reached skill level 1 in Conjurations
  1787 | D:2      | Reached XP level 4. HP: 24/24 MP: 5/8
  2165 | D:3      | Identified the +8 whip "Goblinslayer" {drain, Will+}
  2170 | D:3      | Reached skill level 5 in Earth Magic
  2170 | D:3      | Reached XP level 5. HP: 25/28 MP: 6/9
  2337 | D:3      | Found a sparkling altar of Nemelex Xobeh.
  2890 | D:4      | Found a broken altar of Ashenzari.
  3001 | D:4      | Reached skill level 1 in Fighting
  3007 | D:4      | Reached skill level 1 in Armour
  3007 | D:4      | Reached XP level 6. HP: 19/34 MP: 1/11
  3610 | D:5      | Entered Level 5 of the Dungeon
  3690 | D:5      | Found a glowing drain.
  3701 | Sewer    | Entered a sewer
  3854 | Sewer    | Noticed Pargi
  3857 | Sewer    | Killed Pargi
  3858 | Sewer    | Reached XP level 7. HP: 38/40 MP: 2/12
  4047 | D:5      | Slain by a wight

Illustrated notes

Levels and vault maps discovered:
D:1:      minmay_arrival_shattered_statue, layout_basic, serial_shops, shop,
          minmay_pentomino_p2
D:2:      layout_basic, shapermc_ecumenical_altar_rom_forum
D:3:      layout_basic, lemuel_tele_altar, serial_bayou_lake_a
D:4:      layout_cave_pools, nicolae_ashenzari_skybound
D:5:      layout_rooms, nicolae_overflow_two_pavilions,
          lightli_sewer_entry_pipes, minivault_27, st_stairs_14,
          dreamdust_princess_bridge, grunt_decor_clamped, minmay_statues_item,
          minmay_mini_ossuary

Skill      XL: |  1  2  3  4  5  6  7 |
---------------+----------------------+-----
Earth Magic    | 4 5 |  5.8
Conjurations   | 1 2 3 |  3.3
Spellcasting   | 3 4 |  4.0
Fighting       | 1 2 |  2.5
Armour         | 1 2 |  2.5
Dodging        | 2 |  2.5
Stealth        | |  2.1
Transmutations | |  0.7

Action                     |  1- 3 |  4- 6 |  7- 9 || total
---------------------------+-------+-------+-------++-------
  Melee: Hand axe          |     2 |       |       ||     2
         Whip              |       |    15 |       ||    15
   Cast: Sandblast         |    48 |    81 |    17 ||   146
         Stone Arrow       |       |     5 |     1 ||     6
    Use: Potion            |       |       |     2 ||     2
 Armour: Robe              |     5 |    17 |     2 ||    24
  Dodge: Dodged            |     5 |    19 |     5 ||    29
